[Event "Titled Tuesday Blitz August 10 2021"]
[White "Timofeev, Artyom"]
[Black "Nguyen, Ngoc Truong Son"]
[WhiteFideId "4140419"]
[BlackFideId "12401110"]
[WhiteElo "2582"]
[BlackElo "2596"]
[Result "1-0"]
[Round "06"]
[TimeControl "180+1"]
[Date "2021.08.10"]
[WhiteClock "0:01:56"]
[BlackClock "0:00:26"]

1. c4 e6 2. Nf3 d5 3. e3 Nf6 4. b3 g6 5. Bb2 Bg7 6. Be2 O-O 7. O-O Re8 8. d3 c5 9. cxd5 exd5 10. d4 Ne4 11. Nc3 Nxc3 12. Bxc3 Nc6 13. Rc1 cxd4 14. Nxd4 Bd7 15. Nxc6 Bxc6 16. Bxg7 Kxg7 17. Qd4+ Qf6 18. Rfd1 Qxd4 19. Rxd4 Re4 20. Rd2 a5 21. Bf3 Rb4 22. Bxd5 Rd8 23. Rcd1 a4 24. Bxc6 Rxd2 25. Rxd2 bxc6 26. Rd3 c5 27. g3 c4 28. bxc4 Rxc4 29. Rd4 Rxd4 30. exd4 Kf6 31. Kf1 Ke6 32. Ke2 Kd5 33. Kd3 a3 34. h4 h5 35. f3 f6 36. Kc3 g5 37. Kd3 Ke6 38. Kc4 f5 39. f4 1-0


[Site "https://www.chess.com"]

[Event "Titled Tuesday Blitz August 10 2021"]
[White "Yakubboev, Nodirbek"]
[Black "Abdurakhmonov, Mukhammadali"]
[WhiteFideId "14203987"]
[BlackFideId "14207346"]
[WhiteElo "2519"]
[BlackElo "2266"]
[Result "1-0"]
[Round "06"]
[TimeControl "180+1"]
[Date "2021.08.10"]
[WhiteClock "0:00:53"]
[BlackClock "0:00:10"]

1. Nf3 Nf6 2. b3 b6 3. Bb2 Bb7 4. g3 g6 5. Bg2 Bg7 6. O-O O-O 7. c4 c5 8. d4 cxd4 9. Nxd4 Bxg2 10. Kxg2 d5 11. Na3 Qd7 12. Rc1 Na6 13. Nf3 Rfd8 14. cxd5 Nxd5 15. Qc2 Rac8 16. Qb1 Qg4 17. Kh1 Bxb2 18. Qxb2 Nc5 19. Nc4 Qe4 20. Rfd1 Nb4 21. Kg2 f6 22. Ne3 Ne6 23. Rxd8+ Rxd8 24. Rc4 Nd3 25. Rxe4 1-0


[Site "https://www.chess.com"]

[Event "Titled Tuesday Blitz August 10 2021"]
[White "Yoo, Christopher Woojin"]
[Black "Moroni, Luca Jr"]
[WhiteFideId "30909694"]
[BlackFideId "865834"]
[WhiteElo "2105"]
[BlackElo "2491"]
[Result "1-0"]
[Round "06"]
[TimeControl "180+1"]
[Date "2021.08.10"]
[WhiteClock "0:00:02"]
[BlackClock "0:00:06"]

1. e4 e5 2. Nf3 Nc6 3. Bc4 Bc5 4. b4 Bb6 5. a4 a6 6. c3 d6 7. d3 Nf6 8. O-O h6 9. Nbd2 O-O 10. Bb3 Be6 11. Bxe6 fxe6 12. Qb3 Qd7 13. a5 Ba7 14. b5 axb5 15. Qxb5 Ne7 16. Rb1 Qxb5 17. Rxb5 b6 18. axb6 Bxb6 19. Nc4 Bc5 20. Nfxe5 Bxf2+ 21. Rxf2 Ra1 22. Rf1 dxe5 23. Nxe5 Nd7 24. Nf3 Ng6 25. Be3 Ra3 26. Rc1 e5 27. Rb7 Rc8 28. Nd2 Ra2 29. Nc4 Nf6 30. Rb2 Rxb2 31. Nxb2 Ra8 32. Nc4 Ra2 33. Bd2 Nf4 34. Bxf4 exf4 35. Rf1 g5 36. Ne5 Rc2 37. c4 c5 38. Ra1 h5 39. Ra8+ Kg7 40. Ra7+ Kg8 41. Ra6 Kg7 42. Ra7+ Kg8 43. h3 g4 44. Ra8+ Kg7 45. Ra7+ Kg8 46. Ra1 f3 47. gxf3 gxh3 48. Kh1 h4 49. Rg1+ Kh7 50. Ng6 Nh5 51. Nxh4 Rd2 52. Rg5 Nf4 53. Rg4 Nxd3 54. Nf5 Nf2+ 55. Kg1 Nxg4 56. fxg4 Kg6 57. e5 Kg5 58. e6 Kxg4 59. Ne3+ Kg3 60. Nf1+ 1-0


[Site "https://www.chess.com"]

[Event "Titled Tuesday Blitz August 10 2021"]
[White "Zhigalko, Sergei"]
[Black "Costachi, Mihnea"]
[WhiteFideId "13502956"]
[BlackFideId "1217518"]
[WhiteElo "2662"]
[BlackElo "2482"]
[Result "1/2-1/2"]
[Round "06"]
[TimeControl "180+1"]
[Date "2021.08.10"]
[WhiteClock "0:00:08"]
[BlackClock "0:01:29"]

1. e4 e5 2. Nf3 Nc6 3. Bc4 Bc5 4. b4 Bb6 5. a4 a6 6. Nc3 Nf6 7. Nd5 Nxd5 8. exd5 Nd4 9. a5 Ba7 10. d6 cxd6 11. Nxd4 Bxd4 12. Qf3 O-O 13. c3 Ba7 14. O-O Qf6 15. Qxf6 gxf6 16. Bd5 Rb8 17. d3 b5 18. axb6 Bxb6 19. Be3 f5 20. g3 Kg7 21. Rfe1 Bxe3 22. fxe3 Rb5 23. c4 Rxb4 24. Reb1 a5 25. Rxb4 axb4 26. Kf2 Kg6 27. Rb1 e4 28. d4 h5 29. h4 Kf6 30. Rxb4 Ke7 31. Rb6 Rg8 32. Kg2 Rf8 33. Kf2 Rg8 34. Rb8 Rf8 35. Ra8 Rd8 36. Ke1 Rf8 37. Ke2 Rd8 38. Kf2 Rf8 39. Ra7 Rg8 40. Rc7 Kd8 41. Ra7 Ke7 42. Ra1 Rd8 43. Ra2 Rf8 44. Ra3 Rd8 45. Ra5 Rf8 46. Ba8 Ke6 47. Kg2 Rg8 48. Bd5+ Ke7 49. Ra8 Rf8 50. Kh2 Rd8 51. Ra7 Rf8 52. Rc7 Kd8 53. Ra7 Ke7 54. Ra3 Rg8 55. Kh3 Rf8 56. Ra5 Rg8 57. Rb5 Rf8 58. Rb6 Rg8 59. Kg2 Rf8 60. Kf2 1/2-1/2


[Site "https://www.chess.com"]

[Event "Titled Tuesday Blitz August 10 2021"]
[White "Bluebaum, Matthias"]
[Black "Yoo, Christopher Woojin"]
[WhiteFideId "24651516"]
[BlackFideId "30909694"]
[WhiteElo "2685"]
[BlackElo "2105"]
[Result "0-1"]
[Round "07"]
[TimeControl "180+1"]
[Date "2021.08.10"]
[WhiteClock "0:00:12"]
[BlackClock "0:00:09"]

1. d4 Nf6 2. c4 e6 3. Nc3 Bb4 4. e3 O-O 5. Bd2 b6 6. Nf3 Bb7 7. Bd3 d5 8. cxd5 exd5 9. O-O Nbd7 10. Rc1 a6 11. Ne5 Bd6 12. f4 c5 13. Qf3 Re8 14. Be1 b5 15. Bh4 Be7 16. Qh3 Ne4 17. Bxe4 dxe4 18. Qxd7 Qxd7 19. Nxd7 Bxh4 20. Nxc5 Bc8 21. Nd5 Rb8 22. f5 Bg5 23. g3 Rd8 24. Nxe4 Bh6 25. g4 Bb7 26. Ne7+ Kf8 27. g5 Bxe4 28. gxh6 Kxe7 29. hxg7 Kf6 30. Rc7 Kxg7 31. f6+ Kg6 32. Re7 Bf5 33. e4 Be6 34. e5 Rxd4 35. Rf3 Rg4+ 36. Kf2 Rc8 37. Ke3 Rc5 38. Re8 Rxe5+ 39. Kf2 Rf5 40. Rxf5 Kxf5 41. Ra8 Ra4 42. a3 Kxf6 43. Ke3 b4 44. axb4 Rxb4 45. Rxa6 Rxb2 46. h4 Rb4 47. h5 Rh4 48. Ra5 Bf5 49. Ra6+ Kg5 50. h6 Rxh6 51. Ra7 Rf6 52. Kf2 h5 53. Kg3 h4+ 54. Kh2 Bg4 55. Ra8 Rf2+ 56. Kg1 Rf3 57. Rg8+ Kf4 58. Rb8 h3 59. Rb4+ Kg3 60. Rb2 h2+ 61. Rxh2 Rf1+ 62. Kxf1 Kxh2 63. Kf2 f5 64. Ke3 Kg3 0-1


[Site "https://www.chess.com"]

[Event "Titled Tuesday Blitz August 10 2021"]
[White "Bortnyk, Olexandr"]
[Black "Urazayev, Arystanbek"]
[WhiteFideId "14120828"]
[BlackFideId "13709810"]
[WhiteElo "2723"]
[BlackElo "2321"]
[Result "1-0"]
[Round "07"]
[TimeControl "180+1"]
[Date "2021.08.10"]
[WhiteClock "0:00:58"]
[BlackClock "0:01:23"]

1. e4 e5 2. Bc4 Nf6 3. d3 Nc6 4. Nc3 Na5 5. Bg5 Be7 6. f4 d6 7. fxe5 dxe5 8. Nf3 h6 9. Bh4 Ng4 10. Bxe7 Qxe7 11. Qe2 c6 12. O-O-O b5 13. Bb3 Nxb3+ 14. axb3 a5 15. h3 Nf6 16. d4 exd4 17. Nxd4 O-O 18. Nxc6 Qc7 19. Qxb5 Bd7 20. Ne7+ Kh8 21. Qc4 Qf4+ 22. Kb1 Be6 23. Qxe6 Rae8 24. Qxf7 1-0


[Site "https://www.chess.com"]

[Event "Titled Tuesday Blitz August 10 2021"]
[White "Costachi, Mihnea"]
[Black "Kovalev, Vladislav"]
[WhiteFideId "1217518"]
[BlackFideId "13504398"]
[WhiteElo "2482"]
[BlackElo "2573"]
[Result "1-0"]
[Round "07"]
[TimeControl "180+1"]
[Date "2021.08.10"]
[WhiteClock "0:01:02"]
[BlackClock "0:00:03"]

1. d4 Nf6 2. c4 g6 3. Nc3 Bg7 4. e4 d6 5. Be2 O-O 6. Bg5 c5 7. d5 e6 8. Nf3 exd5 9. cxd5 h6 10. Be3 Ng4 11. Bf4 g5 12. Bg3 f5 13. exf5 Bxf5 14. O-O a6 15. h3 Nf6 16. Bd3 Nh5 17. Bh2 Bxd3 18. Qxd3 Nf4 19. Bxf4 Rxf4 20. Rae1 Nd7 21. Re6 Nf8 22. Re4 Qf6 23. Rfe1 b5 24. Rxf4 Qxf4 25. Re7 Qf6 26. Re2 c4 27. Qe3 Qf5 28. Qe7 Qf6 29. Qc7 Qf7 30. Qxd6 Re8 31. Rxe8 Qxe8 32. Qxa6 b4 33. Nd1 c3 34. bxc3 bxc3 35. Qc4 Qg6 36. Kh2 Qc2 37. Ne3 Qxf2 38. Nf5 1-0


[Site "https://www.chess.com"]

[Event "Titled Tuesday Blitz August 10 2021"]
[White "Fawzy, Adham"]
[Black "Bok, Benjamin"]
[WhiteFideId "10613129"]
[BlackFideId "1017063"]
[WhiteElo "2480"]
[BlackElo "2658"]
[Result "0-1"]
[Round "07"]
[TimeControl "180+1"]
[Date "2021.08.10"]
[WhiteClock "0:00:01"]
[BlackClock "0:00:12"]

1. e4 c5 2. c4 d6 3. Nc3 Nc6 4. Nge2 e5 5. g3 g6 6. Bg2 Bg7 7. O-O Nge7 8. d3 O-O 9. a3 a6 10. Rb1 Rb8 11. b4 cxb4 12. axb4 b5 13. cxb5 axb5 14. h3 Be6 15. Be3 d5 16. Bc5 Re8 17. exd5 Nxd5 18. Ne4 Qd7 19. Ng5 Bf5 20. Qb3 Red8 21. g4 Be6 22. Nxe6 Qxe6 23. Rfe1 Qd7 24. Rbd1 Nc7 25. d4 exd4 26. Nf4 Ne5 27. Rxd4 Qxd4 28. Bxd4 Rxd4 29. Re4 Rc4 30. Kh2 Rd8 31. Qe3 Rxe4 32. Qxe4 h6 33. Qb7 Rd7 34. Qc8+ Kh7 35. Bc6 Rd4 36. Qxc7 Rxf4 37. Kg2 Rc4 0-1


[Site "https://www.chess.com"]

[Event "Titled Tuesday Blitz August 10 2021"]
[White "Grischuk, Alexander"]
[Black "Maghsoodloo, Parham"]
[WhiteFideId "4126025"]
[BlackFideId "12539929"]
[WhiteElo "2777"]
[BlackElo "2601"]
[Result "1-0"]
[Round "07"]
[TimeControl "180+1"]
[Date "2021.08.10"]
[WhiteClock "0:00:44"]
[BlackClock "0:00:01"]

1. e4 c5 2. Nc3 Nc6 3. Nf3 e5 4. Bc4 Be7 5. d3 d6 6. a3 Be6 7. Nd5 Nf6 8. O-O O-O 9. c3 Rb8 10. b4 b5 11. Nxf6+ Bxf6 12. Bxe6 fxe6 13. Be3 Qe7 14. Nd2 Bg5 15. Qe2 Rfc8 16. bxc5 dxc5 17. Nb3 Bxe3 18. Qxe3 Nd8 19. a4 c4 20. Nd2 cxd3 21. Qxd3 b4 22. cxb4 Rxb4 23. Nf3 Nf7 24. Rfc1 Rd8 25. Qe3 h6 26. h3 Qb7 27. Re1 Rb3 28. Qe2 a5 29. Rac1 Rb4 30. Rc4 Qb6 31. Rec1 Rb2 32. R4c2 1-0


[Site "https://www.chess.com"]

[Event "Titled Tuesday Blitz August 10 2021"]
[White "Ivanisevic, Ivan"]
[Black "Adury, Anant"]
[WhiteFideId "912417"]
[BlackFideId "30964687"]
[WhiteElo "2499"]
[BlackElo "2340"]
[Result "1-0"]
[Round "07"]
[TimeControl "180+1"]
[Date "2021.08.10"]
[WhiteClock "0:00:15"]
[BlackClock "0:01:12"]

1. d4 Nf6 2. c4 e6 3. Nc3 d5 4. Bg5 Be7 5. e3 h6 6. Bf4 O-O 7. Nf3 b6 8. g4 Bb7 9. g5 hxg5 10. Nxg5 Ne4 11. Ngxe4 dxe4 12. Rg1 g6 13. Qg4 Nd7 14. O-O-O Nf6 15. Qh3 Nh7 16. Be2 Bg5 17. Rxg5 Nxg5 18. Qh6 Nh7 19. Rg1 Kh8 20. Rg3 Rg8 21. Nb5 Rc8 22. Nxa7 Ra8 23. Nb5 Rxa2 24. Bxc7 Qf8 25. Qh4 f6 26. Bd6 Qg7 27. Kb1 Rga8 28. Rh3 g5 29. Qh5 Bc6 30. Nc7 R8a7 31. Nxe6 Qf7 32. Qg4 Ba4 33. Ba3 Rxa3 34. bxa3 Bd7 35. d5 Rxa3 36. Qxe4 Bxe6 37. dxe6 Qe7 38. c5 bxc5 39. Bd3 Ra7 40. Rxh7+ Qxh7 41. Qxh7+ Rxh7 42. Bxh7 Kxh7 43. e7 Kg7 44. e8=Q f5 45. Qc6 g4 46. Qxc5 g3 47. Qxf5 Kh6 48. Qh3+ Kg7 49. Qxg3+ Kh8 50. Kc2 Kh7 51. Kd3 Kh6 52. Ke4 Kh7 53. Kf5 Kh6 54. Kf6 Kh7 55. Qg7# 1-0


[Site "https://www.chess.com"]

[Event "Titled Tuesday Blitz August 10 2021"]
[White "Jobava, Baadur"]
[Black "Materia, Marco"]
[WhiteFideId "13601520"]
[BlackFideId "45150451"]
[WhiteElo "2748"]
[BlackElo "2693"]
[Result "1-0"]
[Round "07"]
[TimeControl "180+1"]
[Date "2021.08.10"]
[WhiteClock "0:01:27"]
[BlackClock "0:01:05"]

1. e4 c5 2. c4 Nc6 3. Ne2 e6 4. d4 cxd4 5. Nxd4 Nf6 6. Nc3 Bb4 7. Nxc6 bxc6 8. Bd3 e5 9. Be3 O-O 10. O-O Be7 11. c5 Qa5 12. a3 d6 13. cxd6 Bxd6 14. h3 Be6 15. Qa4 Qxa4 16. Nxa4 Nd7 17. Rfc1 Rfc8 18. Rc3 Rab8 19. Rac1 c5 20. b4 Bf8 21. Nxc5 Nxc5 22. Bxc5 Bxc5 23. Rxc5 Rd8 24. R1c3 f6 25. f3 Rb7 26. Kf2 Rbd7 27. Ke3 Kf8 28. Rc7 Ke7 29. Bb5 Rxc7 30. Rxc7+ Kf8 31. Rxa7 Rd1 32. Be2 Rb1 33. b5 Rb3+ 34. Kf2 Rb2 35. Rc7 g5 36. a4 h5 37. a5 Ke8 38. a6 Kd8 39. a7 Ra2 40. b6 g4 41. hxg4 hxg4 42. b7 Kxc7 43. b8=Q+ Kd7 44. a8=Q 1-0


[Site "https://www.chess.com"]

[Event "Titled Tuesday Blitz August 10 2021"]
[White "Khanin, Semen"]
[Black "Yakubboev, Nodirbek"]
[WhiteFideId "4111990"]
[BlackFideId "14203987"]
[WhiteElo "2521"]
[BlackElo "2519"]
[Result "1-0"]
[Round "07"]
[TimeControl "180+1"]
[Date "2021.08.10"]
[WhiteClock "0:00:02"]
[BlackClock "0:00:03"]

1. e4 e5 2. Nf3 Nc6 3. Bc4 Nf6 4. d3 Bc5 5. O-O d6 6. c3 a6 7. Nbd2 O-O 8. h3 Ba7 9. Bb3 Ne7 10. Re1 Ng6 11. Nf1 Nh5 12. d4 Nhf4 13. Ng3 Qf6 14. Be3 Re8 15. Nh2 h6 16. Qd2 Nh4 17. Bxf4 exf4 18. Nh5 Qg5 19. Bxf7+ Kxf7 20. Qxf4+ Qxf4 21. Nxf4 g5 22. Nd5 Bb8 23. Re3 Be6 24. Rae1 c6 25. Nb6 Ra7 26. d5 Bc8 27. Nf3 Nxf3+ 28. Rxf3+ Kg7 29. Nxc8 Rxc8 30. c4 b5 31. b3 cxd5 32. exd5 bxc4 33. bxc4 Rxc4 34. Re8 Rb7 35. Rff8 Ba7 36. Rg8+ Kh7 37. Rh8+ Kg6 38. Re6+ Kg7 39. Rhe8 Rc1+ 40. Kh2 Bxf2 41. Rxd6 Rbb1 42. Rd7+ Kg6 43. Re6+ Kf5 44. Rf7# 1-0


[Site "https://www.chess.com"]

[Event "Titled Tuesday Blitz August 10 2021"]
[White "Khusnutdinov, Rustam"]
[Black "Bologan, Victor"]
[WhiteFideId "13701703"]
[BlackFideId "13900048"]
[WhiteElo "2571"]
[BlackElo "2511"]
[Result "0-1"]
[Round "07"]
[TimeControl "180+1"]
[Date "2021.08.10"]
[WhiteClock "0:00:07"]
[BlackClock "0:00:44"]

1. d4 d5 2. c4 c6 3. Nc3 Nf6 4. e3 a6 5. Nf3 b5 6. b3 Bg4 7. a4 b4 8. Ne2 Bxf3 9. gxf3 a5 10. cxd5 cxd5 11. Nf4 e6 12. Bb5+ Nbd7 13. Bd2 Bd6 14. Nd3 O-O 15. Rc1 Rc8 16. O-O e5 17. dxe5 Nxe5 18. Nxe5 Bxe5 19. Qe2 Qd6 20. Kg2 Bc3 21. Rfd1 Qe5 22. Bd3 Qg5+ 23. Kh1 Rc6 24. Rg1 Qh5 25. Rg3 Rfc8 26. Rcg1 g6 27. Rg5 Qh4 28. Bc1 Be5 29. Rxe5 Rxc1 30. Rxc1 Rxc1+ 31. Kg2 Rc3 32. Bc2 d4 33. Rxa5 dxe3 34. fxe3 Nh5 35. Rd5 Qe7 36. Be4 f5 37. Bd3 Qg5+ 38. Kf2 Rc1 39. Rd8+ 0-1


[Site "https://www.chess.com"]

[Event "Titled Tuesday Blitz August 10 2021"]
[White "Korchmar, Vasiliy"]
[Black "Kollars, Dmitrij"]
[WhiteFideId "24131750"]
[BlackFideId "12909572"]
[WhiteElo "2370"]
[BlackElo "2576"]
[Result "0-1"]
[Round "07"]
[TimeControl "180+1"]
[Date "2021.08.10"]
[WhiteClock "0:00:01"]
[BlackClock "0:00:10"]

1. e4 e5 2. Nf3 Nc6 3. Nc3 Nf6 4. Bb5 Bb4 5. O-O O-O 6. d3 Bxc3 7. bxc3 d6 8. Bg5 h6 9. Bh4 Qe7 10. Re1 a6 11. Bxc6 bxc6 12. d4 Qe6 13. h3 a5 14. Bg3 Nd7 15. Nh4 Nb6 16. dxe5 dxe5 17. Nf5 Kh7 18. Qh5 Nc4 19. Rad1 Nd6 20. Nxd6 cxd6 21. f4 f6 22. f5 Qe7 23. Rd2 Bd7 24. Red1 Rfd8 25. Qg6+ Kg8 26. Rxd6 Be8 27. Rxd8 Rxd8 28. Rxd8 Qxd8 29. Qg4 Qd2 30. Bh4 Kf8 31. Kh2 Bf7 32. a3 Qxc2 33. Qf3 Qd2 34. Bf2 a4 35. Bc5+ Kg8 36. Bb4 Bc4 37. Qg3 Bd3 38. Be7 Kf7 39. Bb4 Qg5 40. Qxd3 Qf4+ 41. Kh1 Kg8 0-1


[Site "https://www.chess.com"]

[Event "Titled Tuesday Blitz August 10 2021"]
[White "Le, Tuan Minh"]
[Black "Mirzoev, Azer"]
[WhiteFideId "12401153"]
[BlackFideId "13400304"]
[WhiteElo "2450"]
[BlackElo "2525"]
[Result "1/2-1/2"]
[Round "07"]
[TimeControl "180+1"]
[Date "2021.08.10"]
[WhiteClock "0:00:03"]
[BlackClock "0:00:10"]

1. d4 d5 2. Nf3 Nf6 3. Bf4 c6 4. e3 Bf5 5. c4 e6 6. Nc3 Nbd7 7. h3 Be7 8. Be2 O-O 9. O-O Ne4 10. Rc1 a5 11. Bd3 Nxc3 12. Rxc3 Bxd3 13. Qxd3 Qb6 14. Rb3 Qa6 15. Rc1 a4 16. Rbc3 h6 17. Qc2 Rfe8 18. c5 Bf6 19. Ra3 e5 20. dxe5 Nxe5 21. Bxe5 Bxe5 22. b3 Qb5 23. Rxa4 Rxa4 24. bxa4 Qa6 25. Rb1 Bf6 26. Rb4 g6 27. Qb3 Re7 28. g3 Kg7 29. Kg2 h5 30. h4 Rd7 31. Rf4 Re7 32. Ng5 Bxg5 33. hxg5 Qa5 34. Qc2 Qc7 35. Qb2+ Qe5 36. Qxe5+ Rxe5 37. Rb4 Re7 38. a5 f6 39. gxf6+ Kxf6 40. a6 bxa6 41. Rb6 Rc7 42. Rxa6 Ke5 43. Ra4 g5 44. f3 Rb7 45. Kh3 Rb2 46. f4+ gxf4 47. exf4+ Kf5 48. Ra6 d4 49. Rxc6 d3 50. Rd6 Ke4 51. c6 Rc2 52. a4 d2 53. a5 Ke3 54. Re6+ Kf3 55. Rd6 Ke3 56. Re6+ Kf3 57. Rd6 Ke3 1/2-1/2


[Site "https://www.chess.com"]

[Event "Titled Tuesday Blitz August 10 2021"]
[White "Mikhailovsky, Vladimir"]
[Black "Makhnev, Denis"]
[WhiteFideId "34105414"]
[BlackFideId "13707647"]
[WhiteElo "2315"]
[BlackElo "2537"]
[Result "1-0"]
[Round "07"]
[TimeControl "180+1"]
[Date "2021.08.10"]
[WhiteClock "0:00:11"]
[BlackClock "0:00:03"]

1. Nf3 Nf6 2. c4 c5 3. Nc3 b6 4. g3 Bb7 5. Bg2 e6 6. O-O Be7 7. d4 cxd4 8. Qxd4 d6 9. Rd1 a6 10. Bg5 Nbd7 11. e4 Qc7 12. Na4 Bc6 13. Nc3 h6 14. Be3 O-O 15. Rac1 Bb7 16. Ne1 Ng4 17. Bd2 Bf6 18. Qd3 Qc5 19. Qe2 Nge5 20. b3 Rfd8 21. Be3 Qc7 22. f4 Ng6 23. Nf3 Rac8 24. Nd4 Nc5 25. Bf2 Re8 26. Rd2 Kh8 27. Rcd1 Rcd8 28. Qh5 e5 29. fxe5 Rxe5 30. Nf5 Nxe4 31. Nxe4 Bxe4 32. Bxe4 Rxe4 33. Nxd6 Re5 34. Nxf7+ Qxf7 35. Rxd8+ Bxd8 36. Rxd8+ Kh7 37. Qd1 Rf5 38. Rd7 Qf8 39. Rd8 Qf6 40. Rd6 Qf7 41. Bxb6 Ne5 42. Kg2 Qb7+ 43. Qd5 Qe7 44. Qe4 g6 45. Rd5 Qf6 46. Bd4 Qg5 47. Rxe5 Qd2+ 48. Kh3 Rxe5 49. Qxe5 Qxh2+ 50. Kxh2 Kg8 51. Qg7# 1-0


[Site "https://www.chess.com"]

[Event "Titled Tuesday Blitz August 10 2021"]
[White "Moroni, Luca Jr"]
[Black "Weetik, Vjacheslav"]
[WhiteFideId "865834"]
[BlackFideId "4153472"]
[WhiteElo "2491"]
[BlackElo "2469"]
[Result "1/2-1/2"]
[Round "07"]
[TimeControl "180+1"]
[Date "2021.08.10"]
[WhiteClock "0:00:04"]
[BlackClock "0:00:05"]

1. d4 d5 2. c4 e6 3. Nc3 c6 4. e4 dxe4 5. Nxe4 Bb4+ 6. Nc3 c5 7. Be3 Nf6 8. Nf3 Nc6 9. dxc5 Qa5 10. a3 Bxc3+ 11. bxc3 O-O 12. Be2 e5 13. O-O Ne4 14. Qc2 Nxc5 15. Rab1 Ne6 16. a4 Qc7 17. c5 Ne7 18. Rfd1 Ng6 19. h4 Bd7 20. Bf1 Bc6 21. Ng5 Nxg5 22. Bxg5 h6 23. h5 Nf4 24. Bxf4 exf4 25. Qf5 Rae8 26. Bd3 g6 27. hxg6 fxg6 28. Qxg6+ Qg7 29. a5 a6 30. Re1 Qxg6 31. Bxg6 Rxe1+ 32. Rxe1 Kg7 33. Be4 Re8 34. f3 Kf6 35. Rb1 Bxe4 36. fxe4 Rxe4 37. Rxb7 Rc4 38. c6 Rxc3 39. Rb6 Kg5 40. Rxa6 Kg4 41. c7 Rxc7 42. Rxh6 Rc1+ 43. Kh2 Rc2 44. Rg6+ Kf5 45. Rb6 Ra2 46. a6 f3 47. Kg3 fxg2 48. Kh2 Ke5 49. Rh6 Kf4 50. Kg1 Kf3 51. Rf6+ Kg3 52. Rg6+ Kf3 53. Kh2 Ra1 54. Rf6+ Ke4 55. Kxg2 Ra2+ 56. Kg3 Ra3+ 57. Kg4 Kd5 58. Kf4 Kc5 59. Ke5 Kb5 60. Kd5 Rxa6 61. Rf1 Ra2 62. Rb1+ Ka5 63. Rc1 Kb5 64. Rb1+ Ka5 65. Kc5 Rc2+ 66. Kd4 Rc8 67. Ra1+ Kb5 68. Rb1+ Kc6 69. Rb2 Rd8+ 1/2-1/2


[Site "https://www.chess.com"]

[Event "Titled Tuesday Blitz August 10 2021"]
[White "Moussard, Jules"]
[Black "Shimanov, Aleksandr"]
[WhiteFideId "642908"]
[BlackFideId "4198603"]
[WhiteElo "2644"]
[BlackElo "2596"]
[Result "1-0"]
[Round "07"]
[TimeControl "180+1"]
[Date "2021.08.10"]
[WhiteClock "0:00:45"]
[BlackClock "0:00:03"]

1. Nf3 d5 2. g3 Bg4 3. Bg2 Nd7 4. O-O c6 5. c4 e6 6. cxd5 exd5 7. d3 Ngf6 8. Nc3 Bc5 9. b3 O-O 10. Bb2 Re8 11. Qc2 Bb6 12. Na4 Qe7 13. Nxb6 axb6 14. Rfe1 b5 15. h3 Bh5 16. g4 Bg6 17. Nh4 Qc5 18. Qd2 Re7 19. a4 Ree8 20. Nxg6 hxg6 21. b4 Qb6 22. a5 Qc7 23. e3 g5 24. Bd4 Qd6 25. Rec1 Re6 26. Ra2 Ne5 27. f4 gxf4 28. exf4 Ned7 29. Bf3 g6 30. f5 Qg3+ 31. Qg2 Qxg2+ 32. Kxg2 gxf5 33. gxf5 Rd6 34. Kg3 Kh7 35. Kf4 Ng8 36. Rg1 Ngf6 37. Re2 Re8 38. Rxe8 Nxe8 39. Bh5 Rh6 40. Bxf7 Nef6 41. Bg8+ Kh8 42. Be6 Rh4+ 43. Rg4 Rxg4+ 44. hxg4 Kh7 45. g5 Nh5+ 46. Kg4 1-0


[Site "https://www.chess.com"]

[Event "Titled Tuesday Blitz August 10 2021"]
[White "Nakamura, Hikaru"]
[Black "Lintchevski, Daniil"]
[WhiteFideId "2016192"]
[BlackFideId "4171055"]
[WhiteElo "2900"]
[BlackElo "2494"]
[Result "1-0"]
[Round "07"]
[TimeControl "180+1"]
[Date "2021.08.10"]
[WhiteClock "0:01:54"]
[BlackClock "0:00:59"]

1. e4 c6 2. Nf3 d5 3. Nc3 dxe4 4. Nxe4 Nf6 5. Qe2 Nxe4 6. Qxe4 Nd7 7. d4 Nf6 8. Qf4 Qa5+ 9. c3 Qf5 10. Qd2 Qh5 11. Be2 Bg4 12. h3 e6 13. O-O Bxf3 14. Bxf3 Qf5 15. Be2 Bd6 16. Bd3 Qh5 17. Re1 O-O-O 18. Qc2 Nd5 19. Bf1 Qg6 20. Qa4 Kb8 21. c4 Nf4 22. Qb3 Bc7 23. Rd1 e5 24. Bxf4 exf4 25. c5 Qf6 26. Ba6 b6 27. cxb6 Bxb6 28. a4 1-0


[Site "https://www.chess.com"]

[Event "Titled Tuesday Blitz August 10 2021"]
[White "Nguyen, Ngoc Truong Son"]
[Black "Bartel, Mateusz"]
[WhiteFideId "12401110"]
[BlackFideId "1112635"]
[WhiteElo "2596"]
[BlackElo "2560"]
[Result "0-1"]
[Round "07"]
[TimeControl "180+1"]
[Date "2021.08.10"]
[WhiteClock "0:00:02"]
[BlackClock "0:00:25"]

1. e4 e6 2. d4 d5 3. Nc3 Bb4 4. e5 c5 5. a3 Bxc3+ 6. bxc3 Qa5 7. Bd2 Qa4 8. Qg4 Kf8 9. Nf3 b6 10. Qf4 Qxc2 11. Rc1 Qe4+ 12. Qxe4 dxe4 13. Ng5 Bb7 14. dxc5 h6 15. Nh3 Nd7 16. cxb6 axb6 17. Be3 Rxa3 18. Rd1 Nxe5 19. Bf4 f6 20. Bxe5 fxe5 21. Rd8+ Ke7 22. Rb8 Ba6 23. Bxa6 Ra1+ 24. Kd2 Rxh1 25. Bb7 g5 26. Bxe4 g4 27. Rb7+ Kf6 28. g3 Rxh2 29. Ng1 Rxf2+ 30. Ne2 Ne7 31. Rxb6 Nf5 32. Bd5 Re8 33. Ke1 Rh2 34. c4 h5 35. c5 Nd4 36. Nc3 Nf3+ 37. Kd1 Rd2+ 38. Kc1 Rd4 39. Kc2 Ng5 40. Bb7 e4 41. c6 e3 42. c7 Rc4 43. Kd3 e2 44. Nd5+ Kg7 0-1


[Site "https://www.chess.com"]

[Event "Titled Tuesday Blitz August 10 2021"]
[White "Oparin, Grigoriy"]
[Black "Demidov, Mikhail"]
[WhiteFideId "24125890"]
[BlackFideId "4197143"]
[WhiteElo "2628"]
[BlackElo "2559"]
[Result "0-1"]
[Round "07"]
[TimeControl "180+1"]
[Date "2021.08.10"]
[WhiteClock "0:00:05"]
[BlackClock "0:00:07"]

1. d4 d5 2. c4 c6 3. Nf3 Nf6 4. g3 Bf5 5. Nc3 e6 6. Qb3 Qb6 7. Nh4 Qxb3 8. axb3 Bc2 9. c5 Bxb3 10. e3 Nbd7 11. Ra3 Bc2 12. Kd2 Bg6 13. Nxg6 hxg6 14. b4 e5 15. b5 Be7 16. bxc6 bxc6 17. Ra6 exd4 18. exd4 Nb8 19. Ra4 a5 20. f3 Nbd7 21. Kc2 Bd8 22. Bf4 Nf8 23. Nb5 Ne6 24. Nd6+ Kf8 25. Bd2 Bc7 26. h4 Ke7 27. Bh3 Bxd6 28. cxd6+ Kxd6 29. Bxa5 Nxd4+ 30. Kd3 Nxf3 31. Rha1 Ne5+ 32. Kc2 Rab8 33. Bb4+ c5 34. Ra6+ Nc6 35. Bd2 Kc7 36. Kd1 Rb6 37. R6a2 Ne4 38. Bf4+ Kb7 39. Rc1 Nb4 40. Re2 Re8 41. Bg2 f5 42. Bxe4 dxe4 43. Rxc5 Nd3 44. Rc7+ Ka6 45. Ra2+ Kb5 46. Rxg7 Nxf4 47. gxf4 Rd8+ 48. Ke2 Rbd6 49. Rc2 Kb6 50. h5 gxh5 51. Rg5 Rd5 52. Rxh5 R8d6 53. Rh3 Rc6 54. Rb3+ Kc7 55. Rxc6+ Kxc6 56. Rc3+ Kd6 57. Rc8 Ke7 58. Rc7+ Kf6 59. Rc6+ Kf7 60. Rc3 Kg6 61. Rh3 Kf6 62. Rh6+ Kg7 63. Rh3 Ra5 64. Rb3 Kg6 65. Rg3+ Kf6 66. Rb3 Ra2+ 67. Ke3 Rc2 68. Rb6+ Kf7 69. Rb5 Kg6 70. Rb8 Rc3+ 71. Kd4 Rc6 72. Ke3 Rd6 73. Rg8+ Kf7 74. Rg5 Rd3+ 75. Ke2 Kf6 76. Rh5 Rf3 77. Rh6+ Ke7 78. Ra6 Rxf4 79. Ke3 Rf3+ 80. Kd4 Rf1 81. Ke5 e3 82. Re6+ Kf7 83. Rf6+ Kg7 0-1


[Site "https://www.chess.com"]

[Event "Titled Tuesday Blitz August 10 2021"]
[White "Ozen, Bahadir"]
[Black "Lashkin, Jegor"]
[WhiteFideId "6337058"]
[BlackFideId "13907808"]
[WhiteElo "2503"]
[BlackElo "2293"]
[Result "0-1"]
[Round "07"]
[TimeControl "180+1"]
[Date "2021.08.10"]
[WhiteClock "0:01:38"]
[BlackClock "0:00:54"]

1. Nf3 d5 2. e3 Nf6 3. c4 e6 4. Nc3 Be7 5. b3 O-O 6. Bb2 b6 7. cxd5 exd5 8. g3 Re8 9. Bg2 Ba6 10. Ne2 c5 11. O-O Nc6 12. d3 Rc8 13. a3 Bd6 14. Rc1 Qe7 15. Re1 Ng4 16. Nc3 Nf6 17. Nh4 Qe6 18. e4 d4 19. Nd5 Nxd5 20. exd5 Qxe1+ 21. Qxe1 Rxe1+ 22. Rxe1 Ne7 23. Bh3 Rd8 24. Rd1 Nxd5 25. Nf5 Bf8 26. Bg2 Nc3 27. Bxc3 dxc3 28. Bf1 g6 29. Ne3 Bg7 30. Nc4 b5 31. Ne3 b4 32. axb4 cxb4 33. Be2 Bb5 34. Nc2 a5 35. Kf1 a4 0-1


[Site "https://www.chess.com"]